General information
- name: 1v1 obs TR #6
- type: Custom game
- host: snarker
- saver: TIMG4STRok
map: TurtleRock
- players: 12
- length: 19:05
- speed: Fast
- version: 1.21 W3XP
- replay type:

» download(86 KB)
Players
team 1 (loser)
hdpstc (
red | 83 APM | 1591 actions | 19:04)
3 Far Seer
2 Feral Spirit
1 Chain Lighting
2 Tauren Chieftain
1 Shockwave
1 Endurance Aura
» actions
| Assign group hotkey | 51 | |
| Basic commands | 48 | |
| Build / train | 80 | |
| Enter build submenu | 15 | |
| Enter hero's abilities submenu | 5 | |
| Give item / drop item | 1 | |
| Remove unit from queue | 3 | |
| Right click | 456 | |
| Select / deselect | 442 | |
| Select group hotkey | 374 | |
| Use ability | 116 | |
1591 total
» units
| Peon | 17 | |
| Grunt | 9 | |
| Spirit Walker | 5 | |
| Raider | 2 | |
| Demolisher | 5 | |
| Kodo Beast | 1 | |
39 total
» upgrades
| Berserker Strength | 1 | |
| Spirit Walker Training | 1 | |
| Ensnare | 1 | |
| Pillage | 1 | |
| Armor | 1 | |
5 total
» buildings
| Altar of Storms | 1 | |
| Orc Burrow | 5 | |
| Barracks | 1 | |
| Stronghold | 1 | |
| Voodoo Lounge | 2 | |
| War Mill | 1 | |
| Spirit Lodge | 2 | |
| Beastiary | 1 | |
14 total
» build order
00:07 Altar of Storms
00:19 Orc Burrow
00:34 Barracks
01:37 Orc Burrow
02:59 Stronghold
03:15 Voodoo Lounge
04:12 Orc Burrow
05:22 War Mill
05:41 Spirit Lodge
06:09 Spirit Lodge
06:44 Orc Burrow
07:20 Beastiary
12:22 Orc Burrow
17:46 Voodoo Lounge
» items
| Dust of Appearance | 1 | |
| Healing Salve | 11 | |
| Lesser Clarity Potion | 6 | |
| Scroll of Speed | 2 | |
| Potion of Healing | 1 | |
21 total
team 2 (winner)

»
TIMG4STRok (
blue | 213 APM | 4076 actions | 19:05)
4 Demon Hunter
2 Mana Burn
2 Evasion
4 Beastmaster
2 Summon Quilbeast
2 Summon Hawk
2 Goblin Tinker
1 Pocket Factory
1 Engineering Upgrade
» actions
| Assign group hotkey | 39 | |
| Basic commands | 76 | |
| Build / train | 71 | |
| ESC pressed | 3 | |
| Enter build submenu | 15 | |
| Enter hero's abilities submenu | 10 | |
| Give item / drop item | 3 | |
| Right click | 2377 | |
| Select / deselect | 268 | |
| Select group hotkey | 1107 | |
| Use ability | 107 | |
4076 total
» units
| Wisp | 16 | |
| Archer | 12 | |
| Druid of the Talon | 10 | |
38 total
» upgrades
| Druid of the Talon Training | 2 | |
| Improved Bows | 2 | |
| Well Spring | 1 | |
| Marksmanship | 1 | |
6 total
» buildings
| Altar of Elders | 3 | |
| Moon Well | 5 | |
| Ancient of War | 2 | |
| Tree of Ages | 1 | |
| Ancient of Wonders | 1 | |
| Ancient of Wind | 3 | |
| Tree of Eternity | 1 | |
| Hunter's Hall | 1 | |
17 total
» build order
00:03 Altar of Elders
00:07 Altar of Elders
00:19 Moon Well
00:38 Ancient of War
01:38 Moon Well
03:09 Moon Well
03:58 Tree of Ages
05:19 Ancient of Wonders
05:29 Moon Well
06:39 Ancient of Wind
06:40 Ancient of Wind
06:41 Tree of Eternity
08:29 Ancient of Wind
12:39 Altar of Elders
12:41 Ancient of War
12:50 Hunter's Hall
16:55 Moon Well
» items
| Periapt of Vitality | 1 | |
| Boots of Speed | 1 | |
| Orb of Venom | 1 | |
| Potion of Healing | 3 | |
| Staff of Preservation | 1 | |
| Scroll of Healing | 1 | |
| Scroll of Town Portal | 1 | |
9 total
observerssnarker,
jello21,
BEAR_AND,
royceroyce2001,
a)list,
Kais,
Young.Money,
rustycag3,
cmbeyer3,
DIRTMCGIRT Chat log
(06:32 / All) TIMG4STRok: Drop plz
(07:19 / All) TIMG4STRok: god fuckin
(18:59 / All) hdpstc: lol
(19:00 / All) hdpstc: gg
(19:01 / All) TIMG4STRok: Gg